 Dungeon Crawl Stone Soup version 0.30.1-4-g462c640d31 (webtiles) character file.

Game seed: 4425233231946151653

38738 Amplified the Warrior (level 13, 0/128 HPs)
             Began as a Demonspawn Warper on Aug 26, 2023.
             Was an Initiate of Gozag.
             Slain by a tyrant leech (25 damage)
             ... on level 5 of the Lair of Beasts.
             The game lasted 00:26:32 (18125 turns).

Amplified the Warrior (Demonspawn Warper)          Turns: 18125, Time: 00:26:32

Health: 0/128      AC: 12    Str: 17    XL:     13   Next: 65%
Magic:  27/27      EV: 16    Int: 15    God:    Gozag
Gold:   679        SH:  5    Dex: 12    Spells: 26/32 levels left

rFire   + . .        a - +5 woodcutter's axe
rCold   + . .        (shield currently unavailable)
rNeg    . . .        p - +2 leather armour {Will+}
rPois   +            (helmet unavailable)
rElec   +            C - +1 cloak {rCorr}
rCorr   +            (no gloves)
SInv    +            e - +1 pair of boots
Will    +....        F - amulet of reflection
Stlth   +            D - +5 ring of evasion
HPRegen 0.41/turn    (no ring)
MPRegen 0.20/turn

%: reflection
@: mighty, resistant, hasted (expiring), very quick
A: horns 3, icy blue scales 1, robust 1, spiny 3, demonic magic 2, fangs 1, see
invisible
a: Renounce Religion, Potion Petition, Call Merchant, Bribe Branch


You were on level 5 of the Lair of Beasts.
You worshipped Gozag.
Gozag was pleased with you.
You visited 4 branches of the dungeon, and saw 20 of its levels.
You also visited: Ossuary.

You collected 3993 gold pieces.
You spent 225 gold pieces at shops.
You paid 3089 gold pieces to Gozag.

Inventory:

Hand Weapons
 a - the +5 woodcutter's axe (weapon)
   (You found it on level 3 of the Dungeon)
 c - a +1 flail of freezing
 P - the +9 war axe of Accord {freeze, rElec}
   (You found it on level 5 of the Lair of Beasts)

   rElec:     It insulates you from electricity.
Armour
 b - a +2 helmet
 e - a +1 pair of boots (worn)
 p - a +2 leather armour of willpower (worn)
 r - a +2 robe of resistance
 C - a +1 cloak of preservation (worn)
Magical Staves
 d - a staff of earth
Jewellery
 i - a ring of fire
 t - the ring of Oxkoyblu {Ice Str+6 Int-5 Dex+3 Stlth+}
   (You found it on level 11 of the Dungeon)

   [ring of ice]

   It enhances your ice magic.
   Str:       It affects your strength (+6).
   Int:       It affects your intelligence (-5).
   Dex:       It affects your dexterity (+3).
   rF:        It makes you vulnerable to fire.
   rC:        It protects you from cold.
   Stlth:     It makes you more stealthy.
 D - a +5 ring of evasion (left hand)
 F - an amulet of reflection (around neck)
Wands
 h - a wand of mindburst (6)
 u - a wand of flame (29)
 v - a wand of roots (14)
 A - a wand of paralysis (8)
 N - a wand of acid (6)
 O - a wand of digging (7)
Scrolls
 g - a scroll of brand weapon
 j - 3 scrolls of amnesia
 k - 2 scrolls of immolation
 q - 3 scrolls of teleportation
 w - 5 scrolls of enchant weapon
 x - a scroll of enchant armour
 y - a scroll of silence
 z - a scroll of torment
 B - 2 scrolls of magic mapping
 E - a scroll of identify
 G - 2 scrolls of fear
 H - 2 scrolls of summoning
Potions
 f - a potion of cancellation
 l - 3 potions of flight
 m - 2 potions of brilliance
 n - 4 potions of ambrosia
 o - 3 potions of mutation
 s - a potion of haste
 J - 2 potions of might
Miscellaneous
 L - a phantom mirror


   Skills:
 * Level 15.8 Fighting
 - Level 2.7(6.2) Axes
 - Level 8.8(9.1) Maces & Flails
 - Level 1.0 Throwing
 * Level 8.5 Armour
 - Level 1.8 Dodging
 * Level 10.0 Spellcasting
 * Level 9.9 Translocations


You had 26 spell levels left.
You knew the following spells:

 Your Spells              Type           Power      Damage    Failure   Level
a - Lesser Beckoning      Tloc           74%        N/A       1%          2
b - Manifold Assault      Tloc           37%        N/A       1%          4

Your spell library contained the following spells:

 Spells                   Type           Power      Damage    Failure   Level
 Blink                    Tloc           74%        N/A       1%          2
 Teleport Other           Tloc           37%        N/A       1%          3
 Vhi's Electric Charge    Tloc/Air       44%        N/A       4%          3
 Kiss of Death            Conj/Necr      28%        2d7       11%         1
 Sandblast                Erth           14%        2d6       11%         1
 Passwall                 Tmut/Erth      5%         N/A       17%         2
 Ignite Poison            Fire/Tmut/Pois 7%         N/A       32%         3
 Stone Arrow              Conj/Erth      14%        3d7       32%         3
 Summon Guardian Golem    Hex/Summ       7%         N/A       32%         3
 Vampiric Draining        Necr           7%         2d6       32%         3
 Animate Armour           Summ/Erth      14%        N/A       73%         4
 Sticky Flame             Conj/Fire      7%         2d3       73%         4
 Blade Hands              Tmut           3%         N/A       97%         5
 Fireball                 Conj/Fire      3%         3d4       97%         5
 Iskenderun's Battlesphe  Conj           7%         2d6       97%         5
 Conjure Ball Lightning   Conj/Air       3%         3x3d6     100%        6
 Iron Shot                Conj/Erth      3%         9d2       100%        6
 Enfeeble                 Hex            3%         N/A       100%        7
 Orb of Destruction       Conj           3%         9d5       100%        7
 Spellforged Servitor     Conj/Summ      3%         N/A       100%        7
 Discord                  Hex            3%         N/A       100%        8
 Disjunction              Tloc           18%        N/A       100%        8
 Ignition                 Fire           3%         3d4       100%        8


Dungeon Overview and Level Annotations

Branches:
Dungeon (12/15)            Temple (1/1) D:5            Lair (5/5) D:10
 Shoals (0/4) Lair:3        Snake (0/4) Lair:2          Orc (2/2) D:12
    Elf (0/3) Orc:2       Ossuary (visited)
  Slime: Lair:4-5

Altars:
Ashenzari
Cheibriados
Dithmenos
Fedhas
Gozag
Hepliaklqana
Kikubaaqudgha
Makhleb
Nemelex Xobeh
Okawaru
Qazlal
Ru
Sif Muna
Trog
Uskayaw
Vehumet
Wu Jian
Xom
Yredelemnul

Shops:
Orc:1 [

Annotations:
D:3 Grinder


Innate Abilities, Weirdness & Mutations

You have a pair of large horns on your head.
You are partially covered in icy blue scales. (AC +2)
You are robust. (+10% HP)
You are completely covered in sharp spines.
Spells you cast may paralyse nearby enemies.
You have very sharp teeth.
You have supernaturally acute eyesight. (SInv)


Message History

The blink frog is severely wounded.
The bullfrog is no longer distracted by gold.
The blink frog hits you.
* * * LOW HITPOINT WARNING * * *
The blink frog blinks!
Unknown command.
You slash the blink frog!
You kill the blink frog!
You slash the bullfrog! The bullfrog is struck by your spines.
You kill the bullfrog!
Your Spellcasting skill increases to level 10!
Unknown command.
You slice the bullfrog!!
You kill the bullfrog!
A tyrant leech comes into view.
Unknown command.
You closely miss the tyrant leech. You bite the tyrant leech.
The tyrant leech is lightly wounded.
The tyrant leech bites you but does no damage.
Unknown command.
You closely miss the tyrant leech.
The tyrant leech is lightly wounded.
You slice the tyrant leech!! Your headbutt misses the tyrant leech.
The tyrant leech is heavily wounded.
The tyrant leech is struck by your spines.
The tyrant leech barely misses you.
You slash the tyrant leech!
The tyrant leech is severely wounded.
The tyrant leech misses you.
You closely miss the tyrant leech.
The tyrant leech is severely wounded.
Your extra speed is starting to run out.
The tyrant leech bites you!
* * * LOW HITPOINT WARNING * * *
The tyrant leech draws strength from your injuries!
You slash the tyrant leech! You headbutt the tyrant leech!
The tyrant leech is almost dead.
The tyrant leech bites you!!
You die...
Your body crumbles into a pile of gold.

###...........~~~~~~~~**~~,
##..#.##.....~~≈~~~~*~~~~
##.##.###.~.~~~#~~~~*~,,~
#..##*# ##..~~~#*~~~~~$$,
##.# #..~~~###**~~~,,, #..#
#...~~~≈#*~~~~~,$ #..##
#.$.~F~~~*~~,~~~~
##..#####w#,F~~~~*~~~,~~~
##..#.#.@##,,~~~~~~~~~,~,
#......$$.#,,~~~~~~~~~~~~
######...##*~~~~~~~~~~~~~
##### *,~~~~~~~~~~~~
*,~~~~~~~~~~~~
*,,~~~~~~~~~~~
**,~~~~~~~~~~~
*,,~~~~~~~~~~
**,~,~~~~~~~~~


You could see a tyrant leech.

Vanquished Creatures
  Fannar (D:10)
  Harold (D:10)
  2 two-headed ogres
  A catoblepas (Lair:1)
  A centaur warrior (D:11)
  A tengu warrior (D:9)
  Urug (D:10)
  A skyshark (Lair:5)
  Nergalle (Lair:3)
  Lodul (D:11)
  Pikel (D:5)
  An orc knight (Orc:1)
  2 orc sorcerers
  3 cyclopes
  3 black mambas (Lair:2)
  Joseph (D:8)
  2 slime creatures (D:12)
  17 cane toads
  2 rime drakes (Lair:1)
  A kobold demonologist (D:10)
  6 komodo dragons
  6 trolls
  A tengu conjurer (D:9)
  A queen bee (D:11)
  2 tyrant leeches (Lair:5)
  Prince Ribbit (D:5)
  3 hornets
  19 blink frogs
  A snapping turtle (Lair:3)
  A wraith (D:9)
  24 yaks
  3 wyverns
  A basilisk (D:10)
  Eustachio (D:5)
  Grum (D:8)
  A steam dragon (D:7)
  6 vampire mosquitoes
  An acid dragon (D:10)
  4 water moccasins
  3 ice beasts
  A black bear (D:8)
  5 orc warriors
  2 sky beasts (D:7)
  10 wolves
  9 ogres
  11 centaurs
  A lemure (D:5)
  2 phantoms
  4 kobold brigands
  10 bullfrogs
  A scorpion (D:5)
  A gnoll sergeant (D:6)
  4 water moccasin zombies (Ossuary)
  16 wights
  17 killer bees (D:11)
  11 howler monkeys
  5 electric eels
  A gnoll bouda (D:8)
  4 hounds
  4 jellies
  6 orc priests
  A sleepcap (D:7)
  Terence (D:2)
  3 iguanas
  10 orc wizards
  2 mummies (Ossuary)
  Robin (D:2)
  5 adders
  7 gnolls
  3 shadow imps
  A white imp (D:7)
  3 ufetubi
  8 adder zombies (Ossuary)
  5 worms
  3 dart slugs (D:1)
  39 orcs
  8 ball pythons
  10 endoplasms
  3 giant cockroaches
  6 gnoll zombies (Ossuary)
  6 goblins
  10 hobgoblins
  12 jackals
  27 kobolds
  A quokka (D:3)
  3 bats
  3 hobgoblin zombies (Ossuary)
  4 kobold zombies (Ossuary)
  4 orc zombies (Ossuary)
  6 rats
  A spectral orc (D:8)
451 creatures vanquished.

Vanquished Creatures (others)
  An orc wizard (D:11)
  An orc (D:9)
2 creatures vanquished.

Grand Total: 453 creatures vanquished

Notes
Turn   | Place    | Note
-------+----------+-------------------------------------------
     0 | D:1      | Amplified the Demonspawn Warper began the quest for the
                  | Orb.
     0 | D:1      | Reached XP level 1. HP: 16/16 MP: 3/3
   228 | D:1      | Reached skill level 1 in Throwing
   259 | D:1      | Gained mutation: You are partially covered in sharp spines.
                  | [demonic ancestry]
   259 | D:1      | Reached XP level 2. HP: 10/22 MP: 5/5
   448 | D:1      | Learned a level 2 spell: Lesser Beckoning
   715 | D:1      | Gained mutation: You are mostly covered in sharp spines.
                  | [demonic ancestry]
   715 | D:1      | Reached XP level 3. HP: 26/28 MP: 3/6
  1381 | D:2      | Reached skill level 3 in Fighting
  1384 | D:2      | Noticed Robin
  1408 | D:2      | Killed Robin
  1496 | D:2      | Gained mutation: You are partially covered in icy blue
                  | scales. (AC +2) [demonic ancestry]
  1496 | D:2      | Reached XP level 4. HP: 13/37 MP: 7/7
  1642 | D:2      | Found a shimmering altar of Xom.
  1655 | D:2      | Noticed Terence
  1664 | D:2      | Reached skill level 4 in Fighting
  1666 | D:2      | Gained mutation: You have very sharp teeth. [potion of
                  | mutation]
  1666 | D:2      | Gained mutation: You have supernaturally acute eyesight.
                  | (SInv) [potion of mutation]
  1939 | D:3      | Found the +5 woodcutter's axe
  1965 | D:3      | Noticed Grinder
  1979 | D:2      | Killed Terence
  1980 | D:2      | Reached XP level 5. HP: 39/43 MP: 8/8
  2533 | D:4      | Reached skill level 5 in Fighting
  2533 | D:4      | Reached skill level 1 in Axes
  2655 | D:4      | Noticed Eustachio
  2777 | D:4      | Reached XP level 6. HP: 52/52 MP: 9/9
  3125 | D:5      | Entered Level 5 of the Dungeon
  3169 | D:5      | Found an ornate altar of the Wu Jian Council.
  3188 | D:5      | Reached skill level 6 in Fighting
  3383 | D:5      | Reached skill level 7 in Fighting
  3412 | D:5      | Noticed a water moccasin
  3437 | D:5      | Gained mutation: Spells you cast may paralyse adjacent
                  | enemies. [demonic ancestry]
  3437 | D:5      | Reached XP level 7. HP: 60/60 MP: 10/10
  3443 | D:5      | Noticed Prince Ribbit
  3456 | D:5      | Killed Prince Ribbit
  3457 | D:5      | Reached skill level 8 in Fighting
  3542 | D:5      | Noticed Pikel
  3556 | D:5      | Killed Pikel
  3557 | D:5      | Reached skill level 9 in Fighting
  3557 | D:5      | Reached skill level 5 in Maces & Flails
  3557 | D:5      | Gained mutation: Spells you cast may paralyse nearby
                  | enemies. [demonic ancestry]
  3557 | D:5      | Reached XP level 8. HP: 62/72 MP: 11/11
  3584 | D:5      | Reached skill level 10 in Fighting
  3826 | D:5      | Killed Eustachio
  4045 | D:5      | Found a staircase to the Ecumenical Temple.
  4054 | Temple   | Entered the Ecumenical Temple
  4249 | Temple   | Became a worshipper of Gozag Ym Sagoz the Greedy
  4380 | D:6      | Reached skill level 11 in Fighting
  4522 | D:6      | Found a sand-covered staircase.
  4526 | D:6      | Gained mutation: You have a pair of small horns on your
                  | head. [demonic ancestry]
  4526 | D:6      | Reached XP level 9. HP: 81/81 MP: 12/12
  4546 | Ossuary  | Entered an ossuary
  4679 | Ossuary  | Reached skill level 12 in Fighting
  4919 | D:6      | Found a sparkling altar of Nemelex Xobeh.
  5074 | D:6      | Found a hide-covered altar of Uskayaw.
  5253 | D:7      | Learned a level 4 spell: Manifold Assault
  5611 | D:7      | Found a shimmering altar of Xom.
  6265 | D:8      | Gained mutation: You are completely covered in sharp
                  | spines. [demonic ancestry]
  6265 | D:8      | Reached XP level 10. HP: 80/91 MP: 16/16
  6571 | D:8      | Noticed Joseph
  6590 | D:8      | Killed Joseph
  6591 | D:8      | Reached skill level 13 in Fighting
  6740 | D:8      | Noticed Grum
  6756 | D:8      | Killed Grum
  6767 | D:8      | Found a shadowy altar of Dithmenos.
  7021 | D:8      | Found a snail-covered altar of Cheibriados.
  7158 | D:8      | Found a basalt altar of Yredelemnul.
  7442 | D:9      | Reached skill level 5 in Spellcasting
  7487 | D:9      | Noticed a tengu warrior
  7489 | D:9      | Reached skill level 1 in Armour
  7489 | D:9      | Reached skill level 5 in Translocations
  7679 | D:10     | Entered Level 10 of the Dungeon
  7797 | D:10     | Noticed Harold
  7813 | D:10     | Killed Harold
  8192 | D:10     | Noticed Urug
  8201 | D:10     | Killed Urug
  8202 | D:10     | Gained mutation: You have a pair of horns on your head.
                  | [demonic ancestry]
  8202 | D:10     | Reached XP level 11. HP: 98/98 MP: 18/20
  8413 | D:10     | Found a staircase to the Lair.
  9165 | D:10     | Found an ancient bone altar of Kikubaaqudgha.
  9356 | D:10     | Noticed Fannar
  9370 | D:10     | Killed Fannar
  9847 | D:11     | Noticed a centaur warrior
  9861 | D:11     | Killed a centaur warrior
  9941 | D:11     | Noticed a two-headed ogre
  9990 | D:9      | Found a blossoming altar of Fedhas.
 10060 | D:9      | Killed a tengu warrior
 10061 | D:9      | Reached skill level 14 in Fighting
 10984 | D:3      | Found a faded altar of an unknown god.
 11804 | Lair:1   | Entered Level 1 of the Lair of Beasts
 11804 | Lair:1   | Noticed a catoblepas
 12024 | D:11     | Killed a two-headed ogre
 12025 | D:11     | Reached skill level 5 in Armour
 12281 | D:11     | Identified the ring of Oxkoyblu {Ice Str+6 Int-5 Dex+3
                  | Stlth+}
 12337 | D:11     | Gained mutation: You have a pair of large horns on your
                  | head. [demonic ancestry]
 12337 | D:11     | Reached XP level 12. HP: 56/108 MP: 23/23
 13073 | D:11     | Noticed Lodul
 13082 | D:11     | Killed Lodul
 13364 | D:12     | Noticed a two-headed ogre
 13370 | D:12     | Killed a two-headed ogre
 13468 | D:12     | Found a staircase to the Orcish Mines.
 13965 | Orc:1    | Entered Level 1 of the Orcish Mines
 14329 | Orc:1    | Found Nedist's Antique Armour Shop.
 14403 | Orc:1    | Bought a runed cloak for 225 gold pieces
 14620 | Orc:2    | Entered Level 2 of the Orcish Mines
 14632 | Orc:2    | Noticed an orc high priest
 14821 | Lair:1   | Killed a catoblepas
 14998 | Lair:1   | Reached skill level 15 in Fighting
 15267 | Lair:1   | Identified the +1 robe "Roge" {rPois Will+}
 15917 | Lair:2   | Gained mutation: You are robust. (+10% HP) [demonic
                  | ancestry]
 15917 | Lair:2   | Reached XP level 13. HP: 37/127 MP: 26/26
 16378 | Lair:2   | Found a staircase to the Snake Pit.
 16595 | Lair:3   | Got Sif Muna's Book of Creeping Guile
 16982 | Lair:3   | Noticed Nergalle
 16994 | Lair:3   | Killed Nergalle
 17624 | Lair:3   | Found a staircase to the Shoals.
 17972 | Lair:5   | Entered Level 5 of the Lair of Beasts
 18025 | Lair:5   | Identified the +9 war axe of Accord {freeze, rElec}
 18116 | Lair:5   | Reached skill level 10 in Spellcasting
 18125 | Lair:5   | Slain by a tyrant leech

Illustrated notes

Levels and vault maps discovered:
D:1:      heliophobic_arrival_dark_side_of_the_moon, layout_basic,
          minmay_small_reverse_x
D:2:      layout_loops_corners, basic_altar, uniq_terence, uniq_robin
D:3:      layout_loops_corners, shapermc_ecumenical_altar_gd, uniq_grinder
D:4:      layout_rooms, kennysheep_mini_moat, nicolae_tso_swordbearing_angel,
          uniq_eustachio
D:5:      layout_rooms, mainiacjoe_overflow_small_starburst, temple_hall,
          minivault_24, uniq_prince_ribbit1, uniq_pikel
D:6:      layout_rooms, nicolae_uskayaw_murder_on_the_dancefloor,
          nemelex_diamond_rough_becter, nicolae_ossuary_entry_plus
D:7:      layout_basic, xom_confusion_cloud
D:8:      layout_gridville, grunt_dithmenos_smoke_and_mirrors,
          lemuel_crystal_altar, yredelemnul_forgotten_temple_becter, uniq_grum,
          uniq_joseph
D:9:      layout_loops_ring, fedhas_altar_1
D:10:     layout_loops_corners, kiku_gazebo_garden_becter, erik_lair_dragon,
          solitary_fountain, nicolae_water_bricks, uniq_urug, uniq_fannar,
          uniq_harold
D:11:     layout_basic, minivault_7, uniq_lodul
D:12:     layout_basic, orc_0_dummy
Temple:   nicolae_temple_bog_church
Lair:1:   layout_roguey, serial_bayou_shore_b
Lair:2:   layout_misc_corridors, dummy_snake_entry, special_room,
          minmay_lindwurm_lava, uniq_sonja
Lair:3:   layout_regular_city, minmay_shoals_entry_hut, uniq_nergalle
Lair:4:   layout_layer_cave, slime_entry_1, grunt_megastairs_1, uniq_rupert
Lair:5:   minmay_lair_end_frog_pond, layout_loops_ring,
          nicolae_volcano_entry_batcave, basic_altar, gammafunk_ghost_grave,
          chequers_serial_rivers_marsh
Orc:1:    layout_caves, serial_shops, nicolae_shop_just_a_little_nook,
          lemuel_statue_altar
Orc:2:    grunt_orc_cross, layout_caves

Skill      XL: |  1  2  3  4  5  6  7  8  9 10 11 12 13 |
---------------+----------------------------------------+-----
Throwing       | 1 |  1.0
Maces & Flails | 2 3 4 5 7 8 |  8.8
Fighting       | 3 4 5 7 9 11 12 13 14 15 | 15.8
Axes           | 1 2 |  2.7
Spellcasting   | 4 6 7 9 10 | 10.0
Translocations | 4 5 7 8 9 |  9.9
Armour         | 3 5 7 8 |  8.5
Dodging        | |  1.8

Action                     |  1- 3 |  4- 6 |  7- 9 | 10-12 | 13-15 || total
---------------------------+-------+-------+-------+-------+-------++-------
  Melee: Mace              |    79 |    21 |       |       |       ||   100
         Punch             |     2 |     1 |       |       |       ||     3
         Battleaxe         |       |    73 |   162 |   462 |   174 ||   871
         Bite              |       |     7 |    20 |    53 |    21 ||   101
         Headbutt          |       |       |    22 |    95 |    48 ||   165
  Throw: Boomerang         |     6 |     1 |       |       |       ||     7
         Throwing net      |       |       |       |     6 |       ||     6
   Cast: Lesser Beckoning  |     5 |       |     2 |       |       ||     7
 Invoke: Potion Petition   |       |       |       |     4 |     2 ||     6
  Evoke: Wand              |       |       |       |    13 |    10 ||    23
    Use: Scroll            |     3 |     7 |    10 |     8 |     4 ||    32
         Potion            |       |     4 |     2 |    14 |     5 ||    25
   Stab: Sleeping          |     2 |     4 |       |       |       ||     6
         Held in net/web   |       |       |       |     3 |       ||     3
         Distracted        |       |       |       |     3 |     2 ||     5
         Invisible         |       |       |       |     4 |       ||     4
         Paralysed         |       |       |       |     3 |     2 ||     5
 Armour: Leather armour    |    10 |       |    48 |   115 |    33 ||   206
         Robe              |     8 |    30 |     6 |       |       ||    44
         Skin              |       |       |       |     3 |       ||     3
  Dodge: Dodged            |    40 |    47 |    89 |   265 |    78 ||   519
  Block: Other             |       |       |       |       |    26 ||    26
